 Dungeon Crawl Stone Soup version 0.19.3-4-gbf9329e (console) character file.

2891 Kloppie the Blocker (level 10, -10/79 HPs)
             Began as a Formicid Fighter on Jan 26, 2017.
             Was a Follower of Ru.
             Mangled by a hellwing (12 damage)
             ... on level 7 of the Dungeon.
             The game lasted 00:10:51 (5045 turns).

Kloppie the Blocker (Formicid Fighter)              Turns: 5045, Time: 00:10:52

Health: -10/79     AC: 14    Str: 21    XL:     10   Next: 5%
Magic:  10/10      EV:  8    Int:  8    God:    Ru [*.....]
Gold:   248        SH: 18    Dex: 13    Spells: 0 memorised, 9 levels left

rFire  + . .     SeeInvis +     a - +1 war axe
rCold  . . .     Gourm    .     g - +3 chain mail
rNeg   . . .     Faith    .     c - +0 shield
rPois  .         Spirit   .     (helmet unavailable)
rElec  .         Reflect  +     h - +0 cloak
rCorr  .         Harm     .     o - +1 pair of gloves
MR     +....                    l - +0 pair of boots
Stlth  ..........               b - +6 amulet of reflection
                                (no ring)
                                (no ring)

@: no potions
A: permanent stasis, dig shafts and tunnels, four strong arms, antennae 3,
deformed body, deterioration 2, fire resistance 1, evolution 1, inability to
drink while threatened
a: Dig, Shaft Self, Renounce Religion


You were on level 7 of the Dungeon.
You worshipped Ru.
Ru was aware of your devotion.
You were very hungry.

You visited 2 branches of the dungeon, and saw 8 of its levels.

You collected 320 gold pieces.
You spent 72 gold pieces at shops.

Inventory:

Hand Weapons
 a - a +1 war axe (weapon)
Armour
 c - a +0 shield (worn)
 g - a +3 chain mail (worn)
 h - a +0 cloak (worn)
 l - a +0 pair of boots (worn)
 o - a +1 pair of gloves (worn)
Jewellery
 b - a +6 amulet of reflection (around neck)
Wands
 k - a wand of disintegration (14/24)
Scrolls
 e - 4 scrolls of remove curse
 j - a scroll of immolation
 r - 2 scrolls of identify
Potions
 d - a potion of ambrosia
 t - a potion of flight
 z - a potion of curing
Books
 m - a book of Misfortune

   Spells                             Type                      Level
   a - Confusing Touch                Hexes                        1
   b - Confuse                        Hexes                        3
   c - Gell's Gravitas                Hexes/Translocation          3
   d - Petrify                        Transmutation/Earth          4
   e - Metabolic Englaciation         Hexes/Ice                    5
   f - Yara's Violent Unravelling     Hexes/Transmutation          5
Comestibles
 f - 6 bread rations
 i - 2 meat rations
 n - 2 beef jerkies
 q - 2 fruits


   Skills:
 - Level 7.2 Fighting
 + Level 8.1 Axes
 - Level 6.4 Armour
 * Level 9.3 Shields


You had 9 spell levels left.
You didn't know any spells.

Dungeon Overview and Level Annotations

Branches:
Dungeon (7/15)             Temple (1/1) D:5

Altars:
Ashenzari
Cheibriados
Dithmenos
Elyvilon
Fedhas
Gozag
Hepliaklqana
Kikubaaqudgha
Makhleb
Nemelex Xobeh
Okawaru
Qazlal
Ru
Sif Muna
Trog
Uskayaw
Vehumet
Yredelemnul
Zin
The Shining One

Shops:
D:5 ![%[

Annotations:
D:2 1 runed door


Innate Abilities, Weirdness & Mutations

You are under a permanent stasis effect.
You can dig through walls and to a lower floor.
Your four strong arms can wield two-handed weapons with a shield.
You have a pair of large antennae on your head. (SInv)
You cannot drink potions while threatened.
Armour fits poorly on your strangely shaped body.
Your body often deteriorates upon taking damage.
Your flesh is heat resistant. (rF+)
You evolve.


Message History

You block the centaur warrior zombie's attack.
You block the centaur warrior skeleton's attack.
The hellwing hits you.
* * * LOW HITPOINT WARNING * * *
The hellwing barely misses you. You block the hellwing's attack.
The hellwing barely misses you.
The centaur warrior zombie hits you but does no damage.
The centaur warrior skeleton hits you but does no damage.
You block the shadow imp's attack.
You barely miss the hellwing.
The hellwing is heavily wounded.
You hit the centaur warrior skeleton. You hit the centaur warrior zombie.
You hit the hellwing but do no damage. You closely miss the shadow imp.
You block the hellwing's attack. x2
You block the centaur warrior zombie's attack.
The centaur warrior skeleton hits you but does no damage.
The hellwing hits you!
* * * LOW HITPOINT WARNING * * *
You block the hellwing's attack. The hellwing hits you!
You die...

#.# #. ....... #.#
#......)∩. #.#
#......$$. #.#
#........8 #.#
#...8..... #.#
#5....P... #.#
#Z#4..PP.. #####.#
#5@Zh.....
......#########4#Z.....#
######..........########
######.##########
.....^.......#
######.#####.# #.# #.#
#.# #.# #.# #.#


You could see 2 hellwings, a hound, 2 shadow imps, a redback zombie, a centaur
warrior zombie and a centaur warrior skeleton.

Vanquished Creatures
  Pikel (D:6)
  A centaur zombie (D:7)
  A centaur skeleton (D:7)
  Sigmund (D:4)
  2 orc warriors (D:6)
  A sky beast (D:6)
  A black bear (D:6)
  2 ice beasts (D:6)
  An ogre (D:5)
  A centaur (D:6)
  2 bullfrogs
  3 scorpions
  A crimson imp (D:5)
  A bullfrog zombie (D:5)
  4 orc wizards
  An iguana (D:4)
  A worker ant (D:6)
  2 hound skeletons (D:5)
  3 adders
  2 shadow imps (D:7)
  An ooze (D:5)
  An adder zombie (D:6)
  2 worms
  2 leopard geckos
  10 orcs
  2 ball pythons
  5 bats
  7 giant cockroaches
  9 hobgoblins
  5 jackals
  3 quokkas
  3 frilled lizards
  6 goblins
  7 kobolds
  5 rats
100 creatures vanquished.

Vanquished Creatures (others)
  The ghost of Naow the Infuser, a novice DECj of Vehumet (D:5)
  An orc wizard (D:6)
  A shadow imp (D:6)
  A quokka skeleton (D:6)
  2 fulminant prisms (D:5)
6 creatures vanquished.

Grand Total: 106 creatures vanquished

Notes
Turn   | Place    | Note
-------+----------+-------------------------------------------
     0 | D:1      | Kloppie the Formicid Fighter began the quest for the Orb.
     0 | D:1      | Reached XP level 1. HP: 18/18 MP: 1/1
   270 | D:1      | Reached skill level 4 in Shields
   270 | D:1      | Reached XP level 2. HP: 24/24 MP: 2/2
   954 | D:2      | Found a runed door.
  1003 | D:2      | Reached XP level 3. HP: 16/29 MP: 3/3
  1569 | D:3      | Reached skill level 5 in Shields
  1569 | D:3      | Reached XP level 4. HP: 35/35 MP: 4/4
  2238 | D:4      | Found an opulent altar of Gozag.
  2276 | D:4      | Noticed Sigmund
  2291 | D:4      | Killed Sigmund
  2291 | D:4      | Reached skill level 6 in Shields
  2291 | D:4      | Reached XP level 5. HP: 41/41 MP: 5/5
  2291 | D:4      | Reached XP level 6. HP: 47/47 MP: 6/6
  2563 | D:4      | Reached XP level 7. HP: 50/52 MP: 7/7
  2611 | D:3      | Found a bloodstained altar of Trog.
  2611 | D:3      | Found a white marble altar of Elyvilon.
  2917 | D:5      | Entered Level 5 of the Dungeon
  2917 | D:5      | Found Isoarr's Food Shop.
  2917 | D:5      | Found Xeycuq's Distillery.
  2939 | D:5      | Bought a potion of degeneration for 12 gold pieces
  2939 | D:5      | Bought a potion of heal wounds for 60 gold pieces
  3083 | D:5      | Found an ancient bone altar of Kikubaaqudgha.
  3083 | D:5      | Found a faded altar of an unknown god.
  3088 | D:5      | Found a faded altar of an unknown god.
  3090 | D:5      | Found a faded altar of an unknown god.
  3092 | D:5      | Found a faded altar of an unknown god.
  3154 | D:5      | Found a staircase to the Ecumenical Temple.
  3159 | D:5      | Found Eguimig's Antique Armour Boutique.
  3177 | Temple   | Entered the Ecumenical Temple
  3400 | Temple   | Became a worshipper of Ru the Awakened
  3441 | D:5      | Found Ugynkor's Armour Emporium.
  3487 | D:5      | Found a sparkling altar of Nemelex Xobeh.
  3505 | D:5      | Reached skill level 5 in Armour
  3523 | D:5      | Noticed Naow's ghost (novice DECj)
  3543 | D:5      | Killed Naow's ghost
  3543 | D:5      | Reached skill level 5 in Axes
  3543 | D:5      | Reached XP level 8. HP: 18/58 MP: 8/8
  4005 | D:6      | Gained mutation: Armour fits poorly on your strangely shaped body. [potion of mutation]
  4005 | D:6      | Gained mutation: Your muscles are strong. (Str +2) [potion of mutation]
  4065 | D:6      | Gained mutation: Your body sometimes deteriorates upon taking damage. [potion of mutation]
  4065 | D:6      | Gained mutation: Your body often deteriorates upon taking damage. [potion of mutation]
  4065 | D:6      | Gained mutation: Your flesh is heat resistant. (rF+) [potion of mutation]
  4099 | D:6      | Reached skill level 5 in Fighting
  4219 | D:6      | Noticed Pikel
  4260 | D:6      | Killed Pikel
  4260 | D:6      | Reached XP level 9. HP: 69/72 MP: 9/9
  4396 | D:6      | Found a hide-covered altar of Uskayaw.
  4425 | D:6      | Reached skill level 7 in Shields
  4547 | D:6      | Gained mutation: You cannot drink potions while threatened. [Ru sacrifice]
  4547 | D:6      | Reached * piety under Ru
  4843 | D:6      | Found a deep blue altar of Sif Muna.
  4865 | D:6      | Reached skill level 8 in Shields
  4990 | D:7      | Gained mutation: You evolve. [potion of mutation]
  4990 | D:7      | Lost mutation: Your muscles are strong. (Str +2) [potion of mutation]
  5019 | D:7      | Noticed a hellwing
  5019 | D:7      | Noticed a hellwing
  5043 | D:7      | Reached skill level 9 in Shields
  5043 | D:7      | Reached XP level 10. HP: 12/79 MP: 10/10
  5045 | D:7      | HP: 2/79 [hellwing (8)]
  5045 | D:7      | Mangled by a hellwing

Skill      XL: |  1  2  3  4  5  6  7  8  9 |
---------------+----------------------------+-----
Shields        | 4 5 6 9 |  9.3
Axes           | 4 5 7 8 |  8.1
Armour         | 4 6 |  6.4
Fighting       | 7 |  7.2

Action                   |  1- 3 |  4- 6 |  7- 9 | 10-12 || total
-------------------------+-------+-------+-------+-------++-------
Melee: War axe           |   115 |   106 |   262 |     2 ||   485
Invok: Sacrifice Drink   |       |       |     1 |       ||     1
  Use: Potion            |       |     1 |    12 |       ||    13
       Scroll            |       |       |    11 |       ||    11
 Stab: Distracted        |       |       |     1 |       ||     1
  Eat: Chunk             |     2 |     4 |     2 |       ||     8
       Meat ration       |       |       |     1 |       ||     1
Armor: Chain mail        |    65 |    41 |    87 |     5 ||   198
       Scale mail        |     1 |       |       |       ||     1
       Plate armour      |       |    18 |    61 |       ||    79
       Skin              |       |       |    11 |       ||    11
Dodge: Dodged            |    40 |    26 |    51 |     4 ||   121
Block: Shield            |    51 |    61 |   211 |    11 ||   334
